| TOP OF THE 1ST |
|
Oakland (APP) Athletics batting - Pitching for Orem Owlz : LHP Jon Lawson
|
|
Pitching: LHP Jon Lawson
|
|
|
Batting: RHB Scott Lister
|
0-0: Called Strike 0-1: Foul Ball, location: 2F 0-2: Ball 1-2: Strikes out swinging
|
|
Batting: RHB Gabe Secundino
|
0-0: Called Strike 0-1: Ball 1-1: Called Strike 1-2: Ball 2-2: Ground out 6-3 (Groundball, 6, EV 81.9 MPH)
|
|
Batting: RHB Rafael Alarcon
|
0-0: Ball 1-0: Ball 2-0: Called Strike 2-1: Called Strike 2-2: Foul Ball, location: 2F 2-2: SOLO HOME RUN (Flyball, 78XD, EV 108.1 MPH), Distance : 428 ft
|
|
Batting: LHB Roscoe Romaine
|
0-0: Called Strike 0-1: Ball 1-1: Swinging Strike 1-2: Ball 2-2: Strikes out swinging
|
| Top of the 1st over - 1 run, 1 hit, 0 errors, 0 left on base; Oakland (APP) 1 - Orem 0 |
| BOTTOM OF THE 1ST |
|
Orem Owlz batting - Pitching for Oakland (APP) Athletics : RHP Jaime Sanchez
|
|
Pitching: RHP Jaime Sanchez
|
|
|
Batting: RHB Joe Hewitt
|
0-0: Ball 1-0: Ground out 2-3 (Groundball, 2R, EV 69.4 MPH)
|
|
Batting: RHB Fred Saxton
|
0-0: Called Strike 0-1: Ball 1-1: Foul Ball, location: 2F 1-2: Strikes out swinging
|
|
Batting: RHB Brian Spry
|
0-0: Called Strike 0-1: Hit by Pitch
|
|
Batting: LHB Ramon Garduno
|
0-0: Ball Brian Spry is caught stealing 2nd base 2-6
|
| Bottom of the 1st over - 0 runs, 0 hits, 0 errors, 0 left on base; Oakland (APP) 1 - Orem 0 |
| TOP OF THE 2ND |
|
Oakland (APP) Athletics batting - Pitching for Orem Owlz : LHP Jon Lawson
|
|
Batting: RHB Amare Brown
|
0-0: Ball 1-0: Called Strike 1-1: Ball 2-1: Called Strike 2-2: Strikes out swinging
|
|
Batting: RHB Ryan Jennings
|
0-0: Ball 1-0: SINGLE (Flyball, 6D, EV 90.0 MPH) - OUT at second base trying to stretch hit.
|
|
Batting: RHB Ricardo Claros
|
0-0: Ball 1-0: Ball 2-0: Called Strike 2-1: Fly out, F8 (Flyball, 8RXD, EV 91.9 MPH)
|
| Top of the 2nd over - 0 runs, 1 hit, 0 errors, 0 left on base; Oakland (APP) 1 - Orem 0 |
| BOTTOM OF THE 2ND |
|
Orem Owlz batting - Pitching for Oakland (APP) Athletics : RHP Jaime Sanchez
|
|
Batting: LHB Ramon Garduno
|
0-0: Ball 1-0: SOLO HOME RUN (Flyball, 8LXD, EV 115.6 MPH), Distance : 455 ft
|
|
Batting: RHB Daniel Molina
|
0-0: Ball 1-0: SINGLE (Flyball, 8LS, EV 99.4 MPH)
|
|
Batting: SHB David Vigo
|
0-0: Ball 1-0: Ball Balk! Daniel Molina to second 2-0: Foul Ball, location: 2F 2-1: Ball 3-1: Called Strike 3-2: Base on Balls
|
|
Batting: SHB Yuya Hirata
|
0-0: Ball 1-0: SINGLE (Groundball, 6, EV 95.0 MPH) Daniel Molina to third David Vigo to second
|
|
Batting: RHB Brendan Garoutte
|
0-0: TRIPLE (Flyball, 89XD, EV 100.6 MPH) Daniel Molina scores David Vigo scores Yuya Hirata scores
|
|
Batting: RHB Carlos Gonzales
|
0-0: Foul Ball, location: 2F 0-1: Ball Balk! Brendan Garoutte scores 1-1: Ball 2-1: Ball 3-1: Base on Balls
|
|
Batting: RHB Joe Hewitt
|
0-0: Ball 1-0: Foul Ball, location: 2F 1-1: Ball 2-1: Ball 3-1: Foul Ball, location: 2F 3-2: Base on Balls Carlos Gonzales to second
|
|
Pitching: RHP Quincy Potvin
|
|
|
Batting: RHB Fred Saxton
|
0-0: Called Strike 0-1: Fly out, F9 (Flyball, 9D, EV 92.5 MPH)
|
|
Batting: RHB Brian Spry
|
0-0: Ball 1-0: Ball 2-0: Foul Ball, location: 2F 2-1: Foul Ball, location: 2F 2-2: Ball 3-2: Foul Ball, location: 2F 3-2: Foul Ball, location: 2F 3-2: Foul Ball, location: 2F 3-2: Base on Balls Carlos Gonzales to third Joe Hewitt to second
|
|
Batting: LHB Ramon Garduno
|
0-0: Ball 1-0: Foul Ball, location: 2F 1-1: Foul Ball, location: 2F 1-2: Ball 2-2: Ball 3-2: Base on Balls Carlos Gonzales scores Joe Hewitt to third Brian Spry to second
|
|
Batting: RHB Daniel Molina
|
0-0: SINGLE (Flyball, 7S, EV 91.2 MPH) Joe Hewitt scores Brian Spry to third Ramon Garduno to second Runner from 3rd tries for Home, throw by LF and OUT! 7-2 Ramon Garduno to third Daniel Molina to second
|
|
Batting: SHB David Vigo
|
0-0: Called Strike 0-1: Reached via error on a dropped throw from 1B, E1 (Groundball, 34S, EV 85.6 MPH) Ramon Garduno scores Daniel Molina to third
|
|
Batting: SHB Yuya Hirata
|
0-0: Called Strike 0-1: Ball 1-1: Foul Ball, location: 2F 1-2: Strikes out swinging
|
| Bottom of the 2nd over - 8 runs, 5 hits, 1 error, 2 left on base; Oakland (APP) 1 - Orem 8 |
| TOP OF THE 3RD |
|
Oakland (APP) Athletics batting - Pitching for Orem Owlz : LHP Jon Lawson
|
|
Batting: RHB Phoctor Dill
|
0-0: Foul Ball, location: 2F 0-1: Foul Ball, location: 2F 0-2: Ball 1-2: Ball 2-2: Fly out, F4 (Popup, 4, EV 71.9 MPH)
|
|
Batting: LHB Bill Helmer
|
0-0: Called Strike 0-1: Ground out 3-1 (Groundball, 34, EV 76.9 MPH)
|
|
Batting: RHB Scott Lister
|
0-0: Ball 1-0: Ball 2-0: Foul Ball, location: 2F 2-1: Fly out, F9 (Flyball, 9LM, EV 90.0 MPH)
|
| Top of the 3rd over - 0 runs, 0 hits, 0 errors, 0 left on base; Oakland (APP) 1 - Orem 8 |
| BOTTOM OF THE 3RD |
|
Orem Owlz batting - Pitching for Oakland (APP) Athletics : RHP Quincy Potvin
|
|
Batting: RHB Brendan Garoutte
|
0-0: Ball 1-0: Ball 2-0: Hit by Pitch
|
|
Batting: RHB Carlos Gonzales
|
0-0: Foul Ball, location: 2F 0-1: Ball 1-1: Ball 2-1: Ball 3-1: Fielders Choice at 2nd, 5-4 (Groundball, 56S, EV 86.9 MPH)
|
|
Batting: RHB Joe Hewitt
|
0-0: Ball 1-0: Foul Ball, location: 2F 1-1: Called Strike 1-2: DOUBLE (Line Drive, 9LS, EV 110.0 MPH) Carlos Gonzales to third Runner from 3rd tries for Home, SAFE, throw by RF to trailing runner, SAFE at third!
|
|
Pitching: RHP Juan Luna
|
|
|
Batting: RHB Fred Saxton
|
0-0: Fly out, F3 (Popup, 3SF, EV 84.4 MPH)
|
|
Batting: RHB Brian Spry
|
0-0: Called Strike 0-1: Swinging Strike 0-2: Strikes out swinging
|
| Bottom of the 3rd over - 1 run, 1 hit, 0 errors, 1 left on base; Oakland (APP) 1 - Orem 9 |
| TOP OF THE 4TH |
|
Oakland (APP) Athletics batting - Pitching for Orem Owlz : LHP Jon Lawson
|
|
Batting: RHB Gabe Secundino
|
0-0: Called Strike 0-1: Swinging Strike 0-2: Strikes out swinging
|
|
Batting: RHB Rafael Alarcon
|
0-0: Called Strike 0-1: Called Strike 0-2: Strikes out swinging
|
|
Batting: LHB Roscoe Romaine
|
0-0: Called Strike 0-1: Ball 1-1: Fly out, F7 (Flyball, 7S, EV 95.0 MPH)
|
| Top of the 4th over - 0 runs, 0 hits, 0 errors, 0 left on base; Oakland (APP) 1 - Orem 9 |
| BOTTOM OF THE 4TH |
|
Orem Owlz batting - Pitching for Oakland (APP) Athletics : RHP Juan Luna
|
|
Batting: LHB Ramon Garduno
|
0-0: Called Strike 0-1: Swinging Strike 0-2: Ball 1-2: Foul Ball, location: 2F 1-2: Ball 2-2: Ball 3-2: Strikes out looking
|
|
Batting: RHB Daniel Molina
|
0-0: Ball 1-0: Ball 2-0: DOUBLE (Line Drive, 7LS, EV 93.1 MPH)
|
|
Batting: SHB David Vigo
|
0-0: Called Strike 0-1: Ball 1-1: Swinging Strike 1-2: Ball 2-2: Strikes out swinging
|
|
Batting: SHB Yuya Hirata
|
0-0: Called Strike 0-1: Ball 1-1: Ball 2-1: Swinging Strike 2-2: Strikes out looking
|
| Bottom of the 4th over - 0 runs, 1 hit, 0 errors, 1 left on base; Oakland (APP) 1 - Orem 9 |
| TOP OF THE 5TH |
|
Oakland (APP) Athletics batting - Pitching for Orem Owlz : LHP Jon Lawson
|
|
Batting: RHB Amare Brown
|
0-0: Ball 1-0: Ball 2-0: Ball 3-0: Base on Balls
|
|
Batting: RHB Ryan Jennings
|
0-0: Foul Ball, location: 2F 0-1: Called Strike 0-2: Foul Ball, location: 2F 0-2: Ball 1-2: Ball 2-2: Foul Ball, location: 2F 2-2: Ball 3-2: Foul Ball, location: 2F 3-2: Base on Balls Amare Brown to second
|
|
Batting: RHB Ricardo Claros
|
0-0: Called Strike 0-1: Swinging Strike 0-2: Strikes out swinging
|
|
Batting: RHB Phoctor Dill
|
0-0: Ball 1-0: Ball 2-0: Ball 3-0: Called Strike 3-1: Base on Balls Amare Brown to third Ryan Jennings to second
|
|
Batting: LHB Bill Helmer
|
0-0: Swinging Strike 0-1: Ball 1-1: Called Strike 1-2: Foul Ball, location: 2F 1-2: Foul Ball, location: 2F 1-2: Fly out, F3 (Line Drive, 3, EV 70.6 MPH) Lined into DP, 3-5 (Line Drive, 3, EV 73.8 MPH)
|
| Top of the 5th over - 0 runs, 0 hits, 0 errors, 2 left on base; Oakland (APP) 1 - Orem 9 |
| BOTTOM OF THE 5TH |
|
Orem Owlz batting - Pitching for Oakland (APP) Athletics : RHP Juan Luna
|
|
Batting: RHB Brendan Garoutte
|
0-0: Ball 1-0: Ground out 4-3 (Groundball, 4M, EV 98.1 MPH)
|
|
Batting: RHB Carlos Gonzales
|
0-0: Called Strike 0-1: Fly out, F8 (Flyball, 8LD, EV 96.9 MPH)
|
|
Batting: RHB Joe Hewitt
|
0-0: Ball 1-0: Foul Ball, location: 2F 1-1: Ball 2-1: Swinging Strike 2-2: Foul Ball, location: 2F 2-2: Foul Ball, location: 2F 2-2: Foul Ball, location: 2F 2-2: Reached on error, E6 (Groundball, 6, EV 83.1 MPH)
|
|
Batting: RHB Fred Saxton
|
0-0: Called Strike 0-1: SINGLE (Groundball, 6S, EV 68.1 MPH) (infield hit) Joe Hewitt to third
|
|
Batting: RHB Brian Spry
|
0-0: Ball 1-0: Foul Ball, location: 2F 1-1: Swinging Strike 1-2: Fielders Choice at 2nd, 6-4 (Groundball, 6, EV 103.1 MPH)
|
| Bottom of the 5th over - 0 runs, 1 hit, 1 error, 2 left on base; Oakland (APP) 1 - Orem 9 |
| TOP OF THE 6TH |
|
Oakland (APP) Athletics batting - Pitching for Orem Owlz : LHP Jon Lawson
|
|
Batting: RHB Scott Lister
|
0-0: Ball 1-0: Ball 2-0: DOUBLE (Groundball, 5L, EV 107.5 MPH)
|
|
Pitching: RHP Arnold Frye
|
|
|
Batting: RHB Gabe Secundino
|
0-0: Ball 1-0: Foul Ball, location: 2F 1-1: Ball 2-1: Foul Ball, location: 2F 2-2: Ground out 6-3 (Groundball, 6, EV 93.1 MPH) Scott Lister to third
|
|
Batting: RHB Rafael Alarcon
|
0-0: Ball 1-0: Ball 2-0: Fly out, F5 (Popup, 5SF, EV 71.2 MPH)
|
|
Batting: LHB Roscoe Romaine
|
0-0: Ball 1-0: Ball 2-0: Ball 3-0: Called Strike 3-1: Base on Balls
|
|
Batting: RHB Amare Brown
|
0-0: Ball 1-0: Ball 2-0: Called Strike 2-1: Called Strike 2-2: Strikes out swinging
|
| Top of the 6th over - 0 runs, 1 hit, 0 errors, 2 left on base; Oakland (APP) 1 - Orem 9 |
| BOTTOM OF THE 6TH |
|
Orem Owlz batting - Pitching for Oakland (APP) Athletics : RHP Juan Luna
|
|
Pitching: RHP Albie Cisneros
|
|
|
Batting: LHB Ramon Garduno
|
0-0: Ball 1-0: Called Strike 1-1: Ground out 5-3 (Groundball, 5, EV 83.1 MPH)
|
|
Batting: RHB Daniel Molina
|
0-0: Ball 1-0: SINGLE (Line Drive, 6D, EV 108.1 MPH)
|
|
Batting: SHB David Vigo
|
0-0: Called Strike Daniel Molina steals 2nd base 0-1: Ground out 4-3 (Groundball, 4D, EV 107.5 MPH) Daniel Molina to third
|
|
Batting: SHB Yuya Hirata
|
0-0: Ball 1-0: Called Strike 1-1: Ground out 1-3 (Groundball, 34S, EV 73.1 MPH)
|
| Bottom of the 6th over - 0 runs, 1 hit, 0 errors, 1 left on base; Oakland (APP) 1 - Orem 9 |
| TOP OF THE 7TH |
|
Oakland (APP) Athletics batting - Pitching for Orem Owlz : RHP Arnold Frye
|
|
Pitching: LHP Yee Koh
|
|
|
Batting: RHB Ryan Jennings
|
0-0: Ball 1-0: Called Strike 1-1: Foul Ball, location: 2F 1-2: Strikes out swinging
|
|
Pinch Hitting: LHB Logan Stewart
|
0-0: Ball 1-0: Called Strike 1-1: Foul Ball, location: 2F 1-2: Ball 2-2: Foul Ball, location: 2F 2-2: Ball 3-2: Fly out, F4 (Line Drive, 4, EV 64.4 MPH)
|
|
Batting: RHB Phoctor Dill
|
0-0: Ball 1-0: Called Strike 1-1: Ball 2-1: SOLO HOME RUN (Flyball, 7D, EV 95.6 MPH), Distance : 375 ft
|
|
Batting: LHB Bill Helmer
|
0-0: Ball 1-0: Called Strike 1-1: SINGLE (Groundball, 34S, EV 69.4 MPH) (infield hit)
|
|
Batting: RHB Scott Lister
|
0-0: Ball Bill Helmer steals 2nd base (no throw) 1-0: Called Strike 1-1: Called Strike 1-2: Foul Ball, location: 2F 1-2: Foul Ball, location: 2F 1-2: Ball 2-2: Strikes out swinging
|
| Top of the 7th over - 1 run, 2 hits, 0 errors, 1 left on base; Oakland (APP) 2 - Orem 9 |
| BOTTOM OF THE 7TH |
|
Orem Owlz batting - Pitching for Oakland (APP) Athletics : RHP Albie Cisneros
|
|
Now in LF: Raul Herrera
|
|
|
Batting: RHB Brendan Garoutte
|
0-0: Ball 1-0: Fly out, F9 (Flyball, 9D, EV 93.1 MPH)
|
|
Pinch Hitting: LHB Bill Girton
|
0-0: Foul Ball, location: 2F 0-1: Ball 1-1: Ball 2-1: Ball 3-1: Base on Balls
|
|
Pitching: RHP Joey Patrick
|
|
|
Batting: RHB Joe Hewitt
|
0-0: Called Strike 0-1: Called Strike Bill Girton is caught stealing 2nd base 2-4 0-2: SINGLE (Groundball, 6MS, EV 62.5 MPH) (infield hit)
|
|
Batting: RHB Fred Saxton
|
0-0: Ball 1-0: Fly out, F8 (Flyball, 8RD, EV 98.1 MPH)
|
| Bottom of the 7th over - 0 runs, 1 hit, 0 errors, 1 left on base; Oakland (APP) 2 - Orem 9 |
| TOP OF THE 8TH |
|
Oakland (APP) Athletics batting - Pitching for Orem Owlz : LHP Yee Koh
|
|
Pitching: RHP Kunihiro Sasaki
|
|
|
Now in CF: Ivan Barrientos
|
|
|
Batting: RHB Gabe Secundino
|
0-0: Foul Ball, location: 2F 0-1: Ball 1-1: Fly out, F8 (Flyball, 8RD, EV 95.0 MPH)
|
|
Batting: RHB Rafael Alarcon
|
0-0: Ball 1-0: Called Strike 1-1: Foul Ball, location: 2F 1-2: Strikes out looking
|
|
Pinch Hitting: RHB Pete Goerge
|
0-0: Swinging Strike 0-1: Ball 1-1: Ball 2-1: Swinging Strike 2-2: Foul Ball, location: 2F 2-2: Strikes out looking
|
| Top of the 8th over - 0 runs, 0 hits, 0 errors, 0 left on base; Oakland (APP) 2 - Orem 9 |
| BOTTOM OF THE 8TH |
|
Orem Owlz batting - Pitching for Oakland (APP) Athletics : RHP Joey Patrick
|
|
Now at 1B: Pete Goerge
|
|
|
Batting: RHB Brian Spry
|
0-0: Foul Ball, location: 2F 0-1: Swinging Strike 0-2: Strikes out swinging
|
|
Batting: LHB Ramon Garduno
|
0-0: Foul Ball, location: 2F 0-1: Foul Ball, location: 2F 0-2: Ball 1-2: Fly out, F7 (Line Drive, 7LM, EV 92.5 MPH)
|
|
Batting: RHB Daniel Molina
|
0-0: Ball 1-0: Ball 2-0: Ball 3-0: Base on Balls
|
|
Batting: SHB David Vigo
|
0-0: Foul Ball, location: 2F 0-1: Foul Ball, location: 2F 0-2: Foul Ball, location: 2F 0-2: Fly out, F8 (Flyball, 8LD, EV 96.9 MPH)
|
| Bottom of the 8th over - 0 runs, 0 hits, 0 errors, 1 left on base; Oakland (APP) 2 - Orem 9 |
| TOP OF THE 9TH |
|
Oakland (APP) Athletics batting - Pitching for Orem Owlz : RHP Kunihiro Sasaki
|
|
Batting: RHB Amare Brown
|
0-0: Fly out, F9 (Flyball, 9LSF, EV 88.8 MPH)
|
|
Pinch Hitting: RHB Dave Villarreal
|
0-0: Called Strike 0-1: DOUBLE (Flyball, 9LD, EV 97.5 MPH)
|
|
Pinch Hitting: LHB Alejandro Muniz
|
0-0: Foul Ball, location: 2F 0-1: Swinging Strike 0-2: Strikes out looking
|
|
Batting: RHB Phoctor Dill
|
0-0: Ball 1-0: Ground out 4-3 (Groundball, 4M, EV 103.8 MPH)
|
| Top of the 9th over - 0 runs, 1 hit, 0 errors, 1 left on base; Oakland (APP) 2 - Orem 9 |
|